 Dungeon Crawl Stone Soup version 0.28.0 (webtiles) character file.

Game seed: 17355755922555005079

270 freelancePsychic the Sneak (level 6, -3/39 HPs)
             Began as a Kobold Delver on Feb 6, 2022.
             Killed by divine providence
             ... invoked by an orc priest
              (11 damage)
             ... on level 3 of the Dungeon.
             The game lasted 00:06:17 (3895 turns).

freelancePsychic the Sneak (Kobold Delver)          Turns: 3895, Time: 00:06:18

Health: -3/39      AC:  3    Str: 12    XL:     6   Next: 46%
Magic:  6/6        EV: 14    Int: 11    God:
Gold:   153        SH:  0    Dex: 16    Spells: 5/5 levels left

rFire   . . .      SeeInvis .   a - +0 short sword
rCold   . . .      Faith    .   (no shield)
rNeg    + . .      Spirit   .   b - +0 leather armour
rPois   .          Reflect  .   (no helmet)
rElec   .          Harm     .   (no cloak)
rCorr   .          Rampage  .   (no gloves)
Will    .....                   (no boots)
Stlth   +++++.....              (no amulet)
HPRegen 0.13/turn               q - ring of positive energy
MPRegen 0.10/turn               (no ring)

@: hasted, very quick
A: small, no large weapons, nightstalker 3
a: no special abilities


You were on level 3 of the Dungeon.
You visited 1 branch of the dungeon, and saw 5 of its levels.

You collected 153 gold pieces.

Inventory:

Hand Weapons
 a - a +0 short sword (weapon)
Armour
 b - a +0 leather armour (worn)
 o - a +0 ring mail
Jewellery
 q - a ring of positive energy (left hand)
Wands
 g - a wand of digging (3)
Scrolls
 c - 2 scrolls of fog
 d - 2 scrolls of torment {unknown}
 e - 2 scrolls of fear
 i - 3 scrolls of magic mapping
 j - a scroll of blinking {unknown}
 l - a scroll of teleportation {unknown}
 m - 2 scrolls of identify {unknown}
 p - a scroll of acquirement {unknown}
Potions
 h - 4 potions of curing {unknown}
 k - 2 potions of degeneration {unknown}
 n - a potion of might {unknown}


   Skills:
 + Level 4.6 Fighting
 * Level 6.1 Short Blades
 - Level 2.4 Dodging
 + Level 7.9 Stealth


You had 5 spell levels left.
You didn't know any spells.
Your spell library contained the following spells:

 Spells                   Type           Power      Damage    Failure   Level
 Magic Dart               Conj           0%         1d3       41%         1
 Sandblast                Erth           0%         2d4       41%         1
 Passwall                 Tmut/Erth      0%         N/A       56%         2
 Searing Ray              Conj           0%         2d4       56%         2
 Stone Arrow              Conj/Erth      0%         3d7       80%         3
 Fulminant Prism          Conj/Hex       0%         3d6       99%         4


Dungeon Overview and Level Annotations

Branches:
Dungeon (5/15)
 Temple: D:4-7

Altars:
Ashenzari
Gozag
The Shining One

Shops:
D:1 (   D:4 (!!   D:5 *

Annotations:
D:3 exclusion: water moccasin, Jessica, Natasha
D:5 Sigmund


Innate Abilities, Weirdness & Mutations

You are small and have problems with some larger weapons.
You are completely attuned to the shadows.


Message History

The orc is severely wounded.
The orc closely misses you.
You hit the orc but do no damage.
The orc is severely wounded.
The orc priest calls upon Beogh to heal the orc.
The orc's wounds heal themselves!
You barely miss the orc.
The orc hits you with a +0 flail of protection!
You hit the orc.
The orc is moderately wounded.
The orc closely misses you.
You hit the orc but do no damage.
The orc is moderately wounded.
You hit the orc.
The orc is heavily wounded.
The orc closely misses you.
You closely miss the orc.
The orc is heavily wounded.
You hit the orc but do no damage.
The orc is heavily wounded.
The orc barely misses you.
You hit the orc.
You kill the orc!
The orc priest hits you with a +0 club.
Things that are here:
a +0 flail of protection; a +0 vampiric hand axe; an orc corpse You barely miss the orc priest.
The orc priest is lightly wounded.
You closely miss the orc priest.
The orc priest is lightly wounded.
The orc priest calls down the wrath of Beogh upon you.
Beogh smites you!
* * * LOW HITPOINT WARNING * * *
You barely miss the orc priest.
The orc priest is lightly wounded.
You hit the orc priest but do no damage.
The orc priest is lightly wounded.
The orc priest mumbles some strange prayers to Beogh against you.
Beogh smites you!
You die...

####.#....#.# #.#<#
#.#######.##
#.#......####.#.#
#.........<.
####.#...........#.#
#########.##
...#.#.............#
#.#
##.#.##.....########
..# #.#.##......[#
### #.#.##.#####.#
##.#.##.# #.#####
........# #...@o#
##.####.# #.###.#
#.# #.#####.# .# #.#
#.......# .# #.#
######### .# .# ##.#


You could see an orc priest.

Vanquished Creatures
  Menkaure (D:4)
  An orc priest (D:3)
  A hound skeleton (D:4)
  3 adders
  A worm (D:2)
  A dart slug (D:1)
  3 orcs (D:3)
  10 endoplasms
  7 giant cockroaches
  3 goblins
  7 hobgoblins
  4 jackals (D:1)
  4 quokkas
  6 ball pythons
  6 bats
  2 frilled lizards (D:3)
  5 kobolds (D:1)
  6 rats
71 creatures vanquished.

Notes
Turn   | Place    | Note
-------+----------+-------------------------------------------
     0 | D:5      | freelancePsychic the Kobold Delver began the quest for the
                  | Orb.
     0 | D:5      | Reached XP level 1. HP: 14/14 MP: 1/1
    25 | D:5      | Found a broken altar of Ashenzari.
    71 | D:5      | Noticed a scorpion
    82 | D:5      | Found Moram's Elemental Accessories.
   111 | D:5      | Noticed a centaur
   155 | D:5      | Noticed Sigmund
   190 | D:4      | Found an opulent altar of Gozag.
   216 | D:4      | Found Soakhlyol's Distillery.
   232 | D:4      | Paralysed by a goblin for 7 turns
   305 | D:4      | Found Ofre's Distillery.
   422 | D:4      | Found Oggiatz's Antique Weapon Shop.
   428 | D:4      | Noticed Menkaure
   430 | D:4      | Killed Menkaure
   431 | D:4      | Reached skill level 5 in Short Blades
   431 | D:4      | Reached skill level 7 in Stealth
   431 | D:4      | Reached XP level 2. HP: 20/20 MP: 2/2
   431 | D:4      | Reached XP level 3. HP: 24/24 MP: 3/3
   431 | D:4      | Reached XP level 4. HP: 29/29 MP: 4/4
   431 | D:4      | Reached XP level 5. HP: 33/33 MP: 5/5
   556 | D:3      | Found a glowing golden altar of the Shining One.
  1084 | D:3      | Reached XP level 6. HP: 19/39 MP: 6/6
  1105 | D:3      | Noticed Jessica
  1734 | D:1      | Found a faded altar of an unknown god.
  1921 | D:1      | Found Ehuwa's Weapon Shoppe.
  3585 | D:3      | Noticed a water moccasin
  3712 | D:3      | Noticed Natasha
  3895 | D:3      | Killed from afar by an orc priest

Illustrated notes

Levels and vault maps discovered:
D:1:      dpeg_arrival_shelter, layout_loops_corners, serial_shops,
          nicolae_shop_hallway_plus, ebering_ecumenical_altar_mist
D:2:      layout_loops_ring, minmay_misc_feat_hallway
D:3:      layout_loops_ring, mainiacjoe_overflow_alcove_2, minivault_25,
          minmay_tree_intersection, minmay_vboxes, uniq_jessica, uniq_natasha
D:4:      layout_loops_cross, grunt_gozag_breadcrumbs, okawaru_metal_pillars_3,
          temple_hall, gammafunk_ghost_necromancy, serial_shops,
          nicolae_shop_trees, nicolae_shop_advertising_works
          [nicolae_subvault_shop_adworks], nicolae_shop_crystal,
          minmay_starry_boxes, uniq_menkaure
D:5:      layout_cave_pods, chei_slow_surprise, nicolae_ashenzari_skybound,
          nicolae_elemental_shop, uniq_ijyb, uniq_sigmund

Skill      XL: |  1  2  3  4  5  6 |
---------------+-------------------+-----
Fighting       | 4 |  4.6
Short Blades   | 5 6 |  6.1
Stealth        | 7 |  7.9
Dodging        | |  2.4

Action                   |  1- 3 |  4- 6 || total
-------------------------+-------+-------++-------
Melee: Short sword       |     6 |   220 ||   226
       Punch             |       |     6 ||     6
  Use: Scroll            |     1 |     2 ||     3
       Potion            |       |     1 ||     1
 Stab: Sleeping          |     2 |    38 ||    40
Armor: Leather armour    |     3 |    27 ||    30
Dodge: Dodged            |     4 |    96 ||   100
